 Dungeon Crawl Stone Soup version 0.22.1-5-g62c59d919a (webtiles) character file.

1085 Jaqob the Cleaver (level 8, -1/68 HPs)
             Began as a Hill Orc Fighter on Jan 15, 2019.
             Was a Follower of Qazlal.
             Slain by NochnoyZador's ghost (17 damage)
             ... on level 6 of the Dungeon.
             The game lasted 00:14:53 (4920 turns).

Jaqob the Cleaver (Hill Orc Fighter)                Turns: 4920, Time: 00:14:53

Health: -1/68      AC: 15    Str: 21    XL:     8   Next: 30%
Magic:  8/8        EV:  5    Int:  8    God:    Qazlal [*.....]
Gold:   100        SH: 12    Dex: 10    Spells: 7/7 levels left

rFire    . . .     SeeInvis .   A - +4 hand axe (chop)
rCold    . . .     Gourm    .   c - +0 shield
rNeg     . . .     Faith    .   t - +0 plate armour
rPois    .         Spirit   .   (helmet restricted)
rElec    .         Reflect  .   y - +0 cloak {+Inv}
rCorr    .         Harm     .   w - +0 pair of gloves
MR       .....                  (no boots)
Stlth    ..........             (no amulet)
HPRegen  0.21/turn              (no ring)
MPRegen  0.11/turn              (no ring)

@: no status effects
A: horns 1, subdued magic 1
a: Renounce Religion, Evoke Invisibility


You were on level 6 of the Dungeon.
You worshipped Qazlal.
Qazlal was aware of your devotion.
You were not hungry.

You visited 1 branch of the dungeon, and saw 6 of its levels.

You collected 246 gold pieces.
You spent 146 gold pieces at shops.

Inventory:

Hand Weapons
 a - a +1 war axe
 u - a +0 war axe
 A - a +4 hand axe of chopping (weapon)
Armour
 b - a +0 scale mail
 c - a +0 shield (worn)
 l - a +1 cloak
 t - a +0 plate armour (worn)
 w - a +0 pair of gloves (worn)
 y - a +0 cloak of invisibility (worn)
Wands
 s - a wand of disintegration (20)
Scrolls
 g - 3 scrolls of fog
 i - a scroll of identify
 j - a scroll of vulnerability {unknown}
 o - a scroll of magic mapping
 p - a scroll of random uselessness
 q - 5 scrolls of remove curse
 r - a scroll of immolation
Potions
 d - a potion of might
 e - a potion of resistance
 h - a potion of degeneration {unknown}
 k - a potion of haste
 m - a potion of flight
 v - a potion of curing
 z - 2 potions of heal wounds
Comestibles
 f - 8 rations


   Skills:
 + Level 5.1 Fighting
 + Level 8.5 Axes
 + Level 5.8 Armour
 + Level 1.5 Dodging
 + Level 0.5 Stealth
 + Level 5.4 Shields
 + Level 0.5 Evocations


You had 7 spell levels left.
You didn't know any spells.
Your spell library was empty.

Dungeon Overview and Level Annotations

Branches:
Dungeon (6/15)             Temple (0/1) D:4

Altars:
Hepliaklqana
Makhleb
Qazlal
Ru
Trog
Vehumet
The Shining One

Shops:
D:5 !%[[(

Annotations:
D:6 NochnoyZador's ghost, novice TrAs


Innate Abilities, Weirdness & Mutations

You have a pair of small horns on your head.
Your spells are a little easier to cast, but a little less powerful.


Message History

You hit NochnoyZador's ghost but do no damage.
NochnoyZador's ghost is severely damaged.
NochnoyZador's ghost hits you.
Your shield and plate armour prevent you from hitting NochnoyZador's ghost.
NochnoyZador's ghost is severely damaged.
NochnoyZador's ghost hits you but does no damage.
You hit NochnoyZador's ghost but do no damage.
NochnoyZador's ghost is severely damaged.
NochnoyZador's ghost hits you but does no damage.
You hit NochnoyZador's ghost.
NochnoyZador's ghost is almost destroyed.
NochnoyZador's ghost hits you!
* * * LOW HITPOINT WARNING * * *
You hit NochnoyZador's ghost but do no damage.
NochnoyZador's ghost is almost destroyed.
NochnoyZador's ghost hits you but does no damage.
You completely miss NochnoyZador's ghost.
NochnoyZador's ghost is almost destroyed.
NochnoyZador's ghost hits you!
You die...

#.#.#######.######..[>... #.#.#
#.# #....... #.#.# #(# #.......
#.#.# #.# #....... #.#.# #.#
#....... ##'#'#######.#
#....... #.........####
#....... #.........#.♣#
#....... #........@W%8#
#....... #.......§.#$♣#
######## ####'######## #
#.)....# #
#......############## #
#......'............#
############.....####.........#
#...................#<...<....#
####.##############.#.........#


You could see NochnoyZador's ghost.

Vanquished Creatures
  A hippogriff (D:4)
  A phantom (D:5)
  An ogre (D:6)
  A necrophage (D:6)
  4 wights (D:6)
  A bullfrog zombie (D:6)
  A crimson imp (D:5)
  3 orc priests
  An orc wizard (D:3)
  A bullfrog skeleton (D:6)
  Crazy Yiuf (D:5)
  2 iguanas (D:6)
  2 worker ants
  2 hound skeletons (D:6)
  5 adders
  An adder skeleton (D:4)
  An adder zombie (D:6)
  A worm (D:2)
  4 leopard geckos
  9 orcs
  A ball python (D:4)
  5 bats
  5 giant cockroaches
  5 goblins
  7 hobgoblins
  4 jackals
  7 kobolds
  3 quokkas
  4 frilled lizards
  A leopard gecko skeleton (D:4)
  3 rats
88 creatures vanquished.

Notes
Turn   | Place    | Note
-------+----------+-------------------------------------------
     0 | D:1      | Jaqob the Hill Orc Fighter began the quest for the Orb.
     0 | D:1      | Reached XP level 1. HP: 19/19 MP: 1/1
    86 | D:1      | Reached XP level 2. HP: 27/27 MP: 2/2
   128 | D:1      | Reached skill level 3 in Axes
   709 | D:2      | Reached XP level 3. HP: 32/33 MP: 3/3
  1102 | D:2      | Found a stormy altar of Qazlal.
  1110 | D:2      | Became a worshipper of Qazlal Stormbringer
  1215 | D:3      | Found a sacrificial altar of Ru.
  1222 | D:3      | Found a glowing golden altar of the Shining One.
  1224 | D:3      | Found a burning altar of Makhleb.
  1291 | D:3      | Reached skill level 4 in Axes
  1291 | D:3      | Reached XP level 4. HP: 38/40 MP: 4/4
  1331 | D:3      | Reached XP level 5. HP: 19/46 MP: 5/5
  1741 | D:3      | Reached * piety under Qazlal
  1854 | D:4      | Reached skill level 5 in Axes
  1866 | D:4      | Found a hazy altar of Hepliaklqana.
  2046 | D:4      | Noticed a hippogriff
  2057 | D:4      | Killed a hippogriff
  2057 | D:4      | Reached skill level 6 in Axes
  2057 | D:4      | Reached skill level 1 in Dodging
  2057 | D:4      | Reached XP level 6. HP: 8/53 MP: 6/6
  2661 | D:4      | Found a staircase to the Ecumenical Temple.
  2777 | D:5      | Entered Level 5 of the Dungeon
  3057 | D:5      | Found Raugaeh's Distillery.
  3064 | D:5      | Bought a potion of curing for 36 gold pieces
  3115 | D:5      | Found Iboluc's Food Boutique.
  3118 | D:5      | Bought a ration for 55 gold pieces
  3118 | D:5      | Bought a ration for 55 gold pieces
  3138 | D:5      | Found Uricerphi's Antique Armour Shop.
  3195 | D:5      | Found a runed door.
  3371 | D:5      | Found a bloodstained altar of Trog.
  3382 | D:5      | Found a radiant altar of Vehumet.
  3420 | D:5      | Found Gobuom's Antique Armour Shop.
  3424 | D:5      | Noticed a phantom
  3443 | D:5      | Killed a phantom
  3443 | D:5      | Reached XP level 7. HP: 57/60 MP: 7/7
  3477 | D:5      | Found Qiwn's Antique Weapon Shoppe.
  3633 | D:5      | Noticed Crazy Yiuf
  3643 | D:5      | Killed Crazy Yiuf
  3643 | D:5      | Reached skill level 5 in Armour
  3888 | D:6      | Found a runed door.
  3888 | D:6      | Noticed NochnoyZador's ghost (novice TrAs)
  3922 | D:6      | Reached skill level 7 in Axes
  4104 | D:6      | Gained mutation: Your spells are a little easier to cast,
                  | but a little less powerful. [potion of mutation]
  4104 | D:6      | Gained mutation: You have a pair of small horns on your
                  | head. [potion of mutation]
  4359 | D:6      | Reached skill level 5 in Fighting
  4359 | D:6      | Reached skill level 5 in Shields
  4359 | D:6      | Reached XP level 8. HP: 61/68 MP: 8/8
  4458 | D:6      | Reached skill level 8 in Axes
  4920 | D:6      | Slain by NochnoyZador's ghost

Skill      XL: |  1  2  3  4  5  6  7  8 |
---------------+-------------------------+-----
Axes           | 3 4 6 7 8 |  8.5
Fighting       | 4 5 |  5.1
Armour         | 4 5 |  5.8
Dodging        | 1 |  1.5
Shields        | 4 5 |  5.4
Stealth        | |  0.5
Evocations     | |  0.5

Action                   |  1- 3 |  4- 6 |  7- 9 || total
-------------------------+-------+-------+-------++-------
Melee: War axe           |   115 |   102 |    20 ||   237
       Hand axe          |       |       |    81 ||    81
       Headbutt          |       |       |    14 ||    14
 Abil: Evoke Invisibilit |       |       |     1 ||     1
  Use: Scroll            |       |     8 |     6 ||    14
       Potion            |       |     5 |     2 ||     7
  Eat: Ration            |     1 |     2 |     1 ||     4
Armor: Scale mail        |    58 |    49 |       ||   107
       Plate armour      |       |     6 |    44 ||    50
       Skin              |       |       |     1 ||     1
Dodge: Dodged            |    30 |    29 |    10 ||    69
Block: Shield            |    56 |    55 |    44 ||   155
